 Dungeon Crawl Stone Soup version 0.28.0-53-g5a82cb258f (webtiles) character file.

Game seed: 9480263909118015323

37 zekoff the Chiller (level 3, 0/24 HPs)
             Began as a Human Ice Elementalist on July 19, 2022.
             Killed from afar by Natasha (6 damage)
             ... with a magic dart
             ... on level 2 of the Dungeon on July 21, 2022.
             The game lasted 00:12:38 (1927 turns).

zekoff the Chiller (Human Ice Elementalist)         Turns: 1927, Time: 00:12:39

Health: 0/24       AC:  2    Str:  8    XL:     3   Next: 60%
Magic:  4/6        EV: 12    Int: 17    God:
Gold:   18         SH:  0    Dex: 13    Spells: 5/6 levels left

rFire   . . .      SeeInvis .   g - +0 short sword
rCold   . . .      Faith    .   (no shield)
rNeg    . . .      Spirit   .   a - +0 robe
rPois   .          Reflect  .   (no helmet)
rElec   .          Harm     .   (no cloak)
rCorr   .          Rampage  .   (no gloves)
Will    .....                   (no boots)
Stlth   ++........              (no amulet)
HPRegen 0.08/turn               (no ring)
MPRegen 0.10/turn               (no ring)

@: no status effects
A: no striking features
a: no special abilities


You were on level 2 of the Dungeon.
You visited 1 branch of the dungeon, and saw 2 of its levels.

You collected 18 gold pieces.

Inventory:

Hand Weapons
 g - a +0 short sword (weapon)
Armour
 a - a +0 robe (worn)
Scrolls
 b - a scroll of fear {unknown}
 e - 2 scrolls of fog {unknown}
 f - a scroll of immolation {unknown}
 i - a scroll of teleportation {unknown}
 j - 2 scrolls of amnesia
 k - a scroll of blinking {unknown}
 m - a scroll of enchant armour {unknown}
 n - a scroll of identify {unknown}
Potions
 c - 2 potions of might {unknown}
 d - a potion of lignification {unknown}
 h - 2 potions of brilliance {unknown}
 l - a potion of magic {unknown}


   Skills:
 + Level 2.2 Dodging
 + Level 2.3 Stealth
 + Level 2.3 Spellcasting
 + Level 4.6 Ice Magic


You had 5 spell levels left.
You knew the following spells:

 Your Spells              Type           Power      Damage    Failure   Level
a - Freeze                Ice            68%        1d8       2%          1

Your spell library contained the following spells:

 Spells                   Type           Power      Damage    Failure   Level
 Frozen Ramparts          Ice            34%        1d5       9%          3
 Ozocubu's Armour         Ice            17%        N/A       9%          3
 Sublimation of Blood     Necr           1%         N/A       28%         2
 Wereblood                Tmut           1%         N/A       28%         2
 Hailstorm                Conj/Ice       9%         3d4       58%         4
 Summon Hydra             Summ           0%         N/A       100%        7


Dungeon Overview and Level Annotations

Branches:
Dungeon (2/15)

Altars:

Annotations:
D:2 Natasha


Message History

You open the door.
There is an open door here.
m - a scroll labelled XYPPABBOZAN
Aiming: Freeze (safe; 2% risk of failure)
Press: ? - help, Q - select action Shift-Dir - straight line, f - you
Okay, then.
n - a scroll labelled XUZOZX IDUAXOI
h - 2 golden potions (gained 1)
An orc wizard comes into view. It is wielding a +0 dagger.
An orc comes into view. It is wielding a +0 flail.
An orc wizard comes into view. It is wielding a +0 dagger.
Natasha, Servant of Life and Death comes into view.
An orc comes into view. It is wielding a +0 short sword.
The orc shouts!
The orc moves out of view.
Natasha hisses angrily.
As you read the scroll labelled YMUTSUNTUN, it crumbles to dust.
It is a scroll of amnesia.
Okay, then.
Natasha misses you.
Aiming: Freeze (safe; 2% risk of failure)
Press: ? - help, Q - select action Shift-Dir - straight line, f - orc
Aim: an orc, wielding a +0 flail and wearing a +0 ring mail You freeze the orc.
The orc is severely wounded.
Natasha howls an incantation.
You feel troubled. Natasha claws you! The orc barely misses you.
Aiming: Freeze (safe; 2% risk of failure)
Press: ? - help, Q - select action Shift-Dir - straight line, f/p - orc
Aim: an orc, wielding a +0 flail and wearing a +0 ring mail (severely wounded)
You freeze the orc!
You kill the orc!
Natasha casts a spell at you. The magic dart hits you!
* * * LOW HITPOINT WARNING * * *
The orc misses you.
Natasha stares at you and mumbles some strange words.
The magic dart hits you.
You die...

#.## ###### ###.##
o...o. #..... #
..o..##########..... #.
###....#............
#..#......#............
#..#.###...............
...#.................
#o#@###.............
#...#...............
###h#.###...........
#... .......##+##
##..#..........
#..............
..............
########.....


You could see Natasha.

Vanquished Creatures
  A worm (D:2)
  3 dart slugs
  An orc (D:2)
  5 endoplasms
  A giant cockroach (D:1)
  2 goblins
  A hobgoblin (D:1)
  2 kobolds (D:1)
  2 quokkas (D:1)
  2 ball pythons (D:1)
  2 bats (D:1)
  3 frilled lizards (D:1)
25 creatures vanquished.

Notes
Turn   | Place    | Note
-------+----------+-------------------------------------------
     0 | D:1      | zekoff the Human Ice Elementalist began the quest for the
                  | Orb.
     0 | D:1      | Reached XP level 1. HP: 13/13 MP: 3/3
   316 | D:1      | Reached XP level 2. HP: 19/19 MP: 1/5
   967 | D:1      | Reached XP level 3. HP: 18/24 MP: 2/6
  1542 | D:2      | Found a faded altar of an unknown god.
  1921 | D:2      | Noticed Natasha
  1927 | D:2      | Killed from afar by Natasha

Illustrated notes

Levels and vault maps discovered:
D:1:      dpeg_arrival_three_bigger_balls, layout_rooms,
          serial_co_window_serial, co_window_paths_a, co_window_paths_b,
          co_window_paths_b, co_window_corner_a, co_window_of_opportunity_a,
          co_window_broadway_a, co_window_broadway_a, co_window_broadway_a,
          co_window_corner_cb, co_window_corner_b, co_window_cross_3,
          co_window_broadway_a, co_window_paths_d, glass_columns_a,
          glass_columns_a, glass_columns_b, glass_columns_c
D:2:      layout_basic, serial_shops, nicolae_diamond_shop,
          basic_ecumenical_altar, hangedman_abyss_or_decor_stabs,
          uniq_crazy_yiuf_cottage, uniq_natasha

Action                   || total
-------------------------++-------
Melee: Unarmed           ||     1
 Cast: Freeze            ||    46
  Use: Scroll            ||     1
Armor: Robe              ||     5
Dodge: Dodged            ||    13
